AoeStats
← Heisenverde

Arabia

504559381Analyzed
1v1 RM · 27d ago on Sep 5, 2026· 54m 21s· 2 players
Game mode
Random Map
Map size
Tiny (2 player)
Population
200
Speed
Normal
Resources
Standard
Victory
Conquest
Starting age
Dark Age
Ending age
Imperial Age
RankedLock teamsTeams togetherTeam positionsShared explorationLock speedFull tech treeHidden civsTurbo modeCheats
Victory
Defeat
🇪🇸 Persians · Spain
781
+14
🇺🇸 Tatars · United States
738
-14
Conchy_joe
8:38 Loom
11:00 Feudal Age
21:39 Castle Age
19:35 Double-Bit Axe
20:53 Fletching
21:33 Padded Archer Armor
21:49 Gold Mining
21:46 Horse Collar
22:48 Bow Saw
23:44 Pikeman
30:35 Scale Mail Armor
31:28 Town Watch
33:42 Wheelbarrow
39:25 Imperial Age
37:11 Bodkin Arrow
37:31 Leather Archer Armor
36:41 Elite Skirmisher
38:10 Heavy Plow
38:32 Ballistics
39:49 Silk Armor
40:54 Ring Archer Armor
40:43 Halberdier
43:20 Squires
43:44 Forging
44:47 Bracer
45:23 Hand Cart
47:14 Iron Casting
49:43 Conscription
52:11 Town Patrol
Heisenverde
3:20 Loom
9:42 Feudal Age
10:11 Double-Bit Axe
18:13 Horse Collar
20:40 Castle Age
21:43 Bloodlines
22:25 Thumb Ring
21:43 Crossbowman
26:43 Horse Collar
27:30 Fletching
27:40 Padded Archer Armor
28:18 Heavy Plow
29:28 Kamandaran
32:44 Leather Archer Armor
33:36 Wheelbarrow
38:17 Imperial Age
38:13 Cavalier
39:02 Scale Barding Armor
39:07 Forging
40:41 Chain Barding Armor
40:42 Ballistics
41:23 Chemistry
40:20 Murder Holes
40:36 Masonry
40:54 Conscription
40:45 Citadels
40:43 Savar
41:52 Bodkin Arrow
44:19 Hoardings
48:21 Plate Barding Armor
48:22 Iron Casting
50:46 Architecture
51:18 Blast Furnace
50:49 Ring Archer Armor
54:16 Guilds
Connection lost

Rejoining the realm…

Still unreachable

The connection could not be restored.

Session expired

The server has moved on; the page needs a fresh start.